 Dungeon Crawl Stone Soup version 0.20.0-6-gd3061e9 (webtiles) character file.

243068 Gorglomux the Warrior (level 19, -25/157 HPs)
             Began as a Barachi Earth Elementalist on May 28, 2017.
             Was the Champion of Cheibriados.
             Annihilated by an alligator snapping turtle (40 damage)
             ... on level 4 of the Shoals.
             The game lasted 02:53:22 (53970 turns).

Gorglomux the Warrior (Barachi Earth Elementalist) Turns: 53970, Time: 02:53:23

Health: -25/157    AC: 27    Str: 22    XL:     19   Next: 86%
Magic:  3/36       EV: 22    Int: 38    God:    Cheibriados [******]
Gold:   2778       SH:  0    Dex: 32    Spells: 19/45 levels left

rFire    + . .     SeeInvis +   a - +5 shortbow of Uberiur {flame, rN+ MR+ Stlth+}
rCold    + . .     Gourm    .   (shield currently unavailable)
rNeg     + + .     Faith    .   A - +5 storm dragon scales {Bai Suzhen}
rPois    +         Spirit   .   g - +2 hat
rElec    +         Reflect  .   i - scarf {rC+ rF+}
rCorr    .         Harm     +   U - +2 pair of gloves of Negation {+Fly Str+2}
MR       ++++.                  r - +0 pair of boots
Stlth    ++........             x - amulet "Lipi" {Harm *Drain rElec MR++ Dex+4 Stlth+}
Regen    0.4/turn               I - +2 ring of evasion
MPRegen  0.3/turn               u - ring of the Cast Vote {rPois rN+ Str-5 SInv}

@: can't hop, very slightly contaminated, very slow
A: +LOS, swims, slowness 1, strong legs 2
}: 1/15 runes: gossamer
a: Hop, Bend Time, Temporal Distortion, Slouch, Step From Time, Renounce
Religion, Evoke Flight


You were on level 4 of the Shoals.
You worshipped Cheibriados.
Cheibriados was exalted by your worship.
You were not hungry.

You visited 6 branches of the dungeon, and saw 32 of its levels.
You also visited: Labyrinth and Sewer.

You collected 3536 gold pieces.
You spent 758 gold pieces at shops.

Inventory:

Hand Weapons
 a - the +5 shortbow of Uberiur (weapon) {flame, rN+ MR+ Stlth+}
   (You acquired it on level 1 of the Shoals)

   It causes projectiles fired from it to burn those they strike, causing extra
   injury to most foes and up to half again as much damage against particularly
   susceptible opponents.
   It protects you from negative energy.
   It affects your resistance to hostile enchantments.
   It makes you more stealthy.
 C - the +6 scimitar of the Hundredfold Lives {protect, -Tele rPois rC+++ Dex+2}
   (You found it on level 1 of the Spider Nest)

   It protects the one who uses it against injury (+AC on strike).
   It affects your dexterity (+2).
   It renders you almost immune to cold.
   It protects you from poison.
   It prevents most forms of teleportation.
Missiles
 k - 290 arrows (quivered)
 q - 479 stones
 Z - 7 throwing nets
Armour
 g - a +2 hat (worn)
 i - a scarf of resistance (worn)
 r - a +0 pair of boots (worn)
 A - +5 storm dragon scales (worn) {Bai Suzhen}
 U - the +2 pair of gloves of Negation (worn) {+Fly Str+2}
   (You bought it in a shop on level 2 of the Orcish Mines)

   It affects your strength (+2).
   It lets you fly.
Magical Staves
 b - an uncursed staff of power
Jewellery
 f - an uncursed ring of protection from fire
 m - an uncursed ring of protection from magic
 u - the ring of the Cast Vote (right hand) {rPois rN+ Str-5 SInv}
   (You found it in a labyrinth)

   [ring of poison resistance]

   It affects your strength (-5).
   It protects you from poison.
   It protects you from negative energy.
   It lets you see invisible.
 x - the amulet "Lipi" (around neck) {Harm *Drain rElec MR++ Dex+4 Stlth+}
   (You found it on level 9 of the Dungeon)

   [amulet of harm]

   It increases damage dealt and taken.
   It affects your dexterity (+4).
   It insulates you from electricity.
   It affects your resistance to hostile enchantments.
   It causes draining when unequipped.
   It makes you more stealthy.
 E - the ring of Dawn {+Blink rPois rN+ Dex-5}
   (You found it on level 1 of the Spider Nest)

   [ring of positive energy]

   It affects your dexterity (-5).
   It protects you from poison.
   It protects you from negative energy.
   It lets you blink.
 I - a +2 ring of evasion (left hand)
Wands
 h - a wand of lightning (8/15)
 o - a wand of digging (9/24)
 H - a wand of lightning (7/15)
 L - a wand of lightning (3/15)
 O - a wand of clouds (4/9)
 X - a wand of acid (3/15)
Scrolls
 j - 4 scrolls of fog
 n - 9 scrolls of remove curse
 p - a scroll of fear
 B - 2 scrolls of blinking
 D - a scroll of recharging
 F - 4 scrolls of immolation
 K - 6 scrolls of amnesia
 M - 2 scrolls of magic mapping
 R - 2 scrolls of identify
 T - 3 scrolls of teleportation
Potions
 c - 2 potions of flight
 e - 3 potions of might
 s - a potion of invisibility
 t - 4 potions of ambrosia
 v - 3 potions of magic
 w - 2 potions of brilliance
 J - 4 potions of agility
 N - 3 potions of cancellation
 P - 3 potions of mutation {!q}
 Q - 16 potions of curing
 V - a potion of resistance
 W - 7 potions of heal wounds
Books
 l - the Collected Works on Quantum Good Luck
   (You acquired it on level 12 of the Dungeon)

   Spells                             Type                      Level
   a - Shroud of Golubria             Charms/Translocation         2
   b - Spectral Weapon                Hexes/Charms                 3
   c - Lesser Beckoning               Translocation                3
   d - Iskenderun's Battlesphere      Conjuration/Charms           5
   e - Summon Forest                  Summoning/Translocation      5
   f - Malign Gateway                 Summoning/Translocation      7
 y - the Disquisition on the Vitriolic Birds
   (You found it on level 15 of the Dungeon)

   Spells                             Type                      Level
   a - Alistair's Intoxication        Transmutation/Poison         5
   b - Deflect Missiles               Charms/Air                   6
   c - Conjure Ball Lightning         Conjuration/Air              6
Miscellaneous
 Y - a lamp of fire
Comestibles
 d - 15 bread rations
 z - 7 meat rations
 G - 39 fruits
 S - 14 royal jellies


   Skills:
 - Level 16.0 Fighting
 - Level 4.1 Bows
 + Level 11.6 Armour
 - Level 11.9 Dodging
 - Level 1.7 Stealth
 + Level 13.6 Spellcasting
 - Level 10.0 Conjurations
 - Level 8.8 Charms
 + Level 13.8 Summonings
 + Level 12.4 Translocations
   Level 1.1 Transmutations
 - Level 11.4 Earth Magic
 - Level 10.4 Invocations
 - Level 6.5 Evocations


You had 19 spell levels left.
You knew the following spells:

 Your Spells              Type           Power        Failure   Level  Hunger
a - Sandblast             Erth           ######       1%          1    None
b - Stone Arrow           Conj/Erth      ######       1%          3    None
c - Iskenderun's Battles  Conj/Chrm      #######.     4%          5    None
f - Deflect Missiles      Chrm/Air       ######....   88%         6    ##.....
l - Lee's Rapid Deconstr  Erth           #######...   1%          5    None
o - Apportation           Tloc           ######       1%          1    None
F - Summon Forest         Summ/Tloc      #######...   1%          5    None


Dungeon Overview and Level Annotations

Branches:
Dungeon (15/15)            Temple (1/1) D:6            Lair (6/6) D:10
 Shoals (4/4) Lair:3       Spider (4/4) Lair:3        Slime (0/5) Lair:6
    Orc (2/2) D:10            Elf (0/3) Orc:2        Vaults (0/5) D:14
 Depths (0/5) D:15

Altars:
Ashenzari
Cheibriados
Dithmenos
Elyvilon
Fedhas
Gozag
Hepliaklqana
Kikubaaqudgha
Makhleb
Nemelex Xobeh
Okawaru
Qazlal
Ru
Sif Muna
Trog
Uskayaw
Vehumet
Xom
Yredelemnul
Zin
The Shining One
Beogh

Shops:
D:12 *   Orc:1 [%[*}   Orc:2 }[*:(

Annotations:
D:4 zhorgal's ghost, amateur MiFi
D:8 Gastronok


Innate Abilities, Weirdness & Mutations

Shadows flee at your approach. (+LOS)
You can swim through water.
You cover ground slowly.
You can hop longer distances.


Message History

Aiming: Lightning Bolt
Press: ? - help, Shift-Dir - straight line, f/p - alligator snapping turtle
Aim: an alligator snapping turtle (heavily wounded, covered in acid)
You hear a mighty clap of thunder!
The bolt of lightning hits the alligator snapping turtle.
The alligator snapping turtle is severely wounded.
This wand has 3 charges left.
You hear an angry hiss.
You hear a shout! x2
Unknown command.
Casting: Summon Forest
Confirm with . or Enter, or press ? or * to list all spells.
Aiming: Stone Arrow
Press: ? - help, Shift-Dir - straight line, f/p - alligator snapping turtle
Aim: an alligator snapping turtle (severely wounded, covered in acid)
The stone arrow hits the alligator snapping turtle.
The alligator snapping turtle is almost dead.
You feel roots moving beneath the ground.
The alligator snapping turtle is hit by a branch!
The alligator snapping turtle bites you from afar!!
You die...

≈≈≈≈≈≈≈≈≈≈≈≈≈≈≈≈≈≈≈≈≈≈≈≈
≈≈≈≈≈≈≈≈≈≈≈≈≈≈≈≈≈≈≈≈≈≈≈.≈≈≈
≈≈≈≈≈≈≈≈≈≈≈≈≈≈≈≈≈≈.≈≈≈≈≈≈≈≈≈
≈≈≈≈≈≈≈≈≈≈≈≈≈≈≈≈≈≈≈≈≈≈≈≈≈..≈
≈≈≈≈≈≈≈≈≈≈≈≈≈≈≈≈≈≈≈..≈≈≈≈...
≈≈≈≈≈≈≈≈≈≈≈≈≈≈≈≈≈≈...≈≈≈≈P≈
≈≈≈≈≈≈≈≈≈≈≈≈≈≈≈≈≈≈..PP.P≈≈P
≈≈≈≈≈≈≈≈≈≈≈≈≈≈≈≈≈......PP..
≈≈≈≈≈≈≈≈≈≈≈≈≈≈≈≈@.....# ..P≈
≈≈≈≈≈≈≈≈≈≈≈♣..t......###.PP≈
≈≈≈≈≈≈≈≈≈≈≈≈R..♣.......P.≈≈≈
≈≈≈≈≈≈≈≈≈≈≈≈≈.≈≈≈.P..≈≈≈PP≈≈
≈≈≈≈≈≈≈≈≈≈≈≈♣#♣♣♣≈....≈≈≈≈≈≈≈.
≈≈≈≈≈≈≈≈≈≈≈♣♣≈≈≈##<..P≈≈≈≈≈...
≈≈≈≈≈≈≈≈≈≈≈#(≈≈≈≈#≈..P≈≈≈≈.....
≈≈≈≈≈≈≈≈≈≈≈'≈()≈.#...(P≈≈...m(..
≈≈≈≈≈(≈≈(≈≈♣≈)t..#...P≈≈≈....(...


You could see an alligator snapping turtle and a friendly dryad.

Vanquished Creatures
  Bai Suzhen (Spider:4)
  Rupert (Lair:5)
  A kraken (Shoals:3)
  Frances (Shoals:2)
  2 tengu reavers (D:14)
  Aizul (Shoals:2)
  7 emperor scorpions
  6 ghost moths
  2 entropy weavers
  A dire elephant (Lair:6)
  The ghost of Yhamm the Severer, a journeyman MiFi of Okawaru (D:12)
  Azrael (D:13)
  Snorg (Lair:6)
  2 ettins
  2 merfolk javelineers
  A minotaur (Lab)
  A fire dragon (D:14)
  2 ogre magi (D:15)
  6 merfolk impalers
  An ice dragon (Lair:2)
  8 vault guards (D:14)
  13 hydras
  A rakshasa (D:15)
  6 merfolk avatars
  5 centaur warriors
  A death knight (D:11)
  4 merfolk aquamancers
  17 two-headed ogres
  The ghost of Bronet the Archer, a journeyman DEHu of Fedhas (Lair:1)
  A tengu warrior (D:15)
  9 death yaks
  6 orc high priests (Orc:2)
  Sonja (D:13)
  8 skeletal warriors
  A fire crab (shapeshifter) (D:14)
  A fire crab (Lair:4)
  11 sea snakes
  3 unseen horrors
  A deep troll (D:15)
  Pikel (D:8)
  A phantasmal warrior (D:14)
  18 orb spiders
  17 harpies
  5 orc sorcerers
  4 ugly things
  2 orc knights
  34 wolf spiders
  19 manticores
  A cyclops (shapeshifter) (D:13)
  7 cyclopes
  Joseph (D:8)
  8 fauns
  4 moths of wrath
  An ice statue (Lair:2)
  3 centaur zombies
  11 merfolk sirens
  24 elephants
  A torpor snail (Lair:5)
  A black mamba (Lair:6)
  6 water nymphs
  A gargoyle (D:14)
  14 spiny frogs
  4 kobold demonologists
  8 rime drakes
  3 freezing wraiths
  7 komodo dragons
  14 demonic crawlers
  An efreet (D:15)
  3 tengu conjurers
  23 jumping spiders
  8 trolls
  3 meliai (D:13)
  10 polar bears
  43 merfolk
  15 hornets
  14 wind drakes
  3 slime creatures (D:13)
  12 blink frogs
  11 snapping turtles
  16 hippogriffs
  27 dream sheep
  7 air elementals (D:15)
  49 redbacks
  3 vampires
  15 water elementals
  7 wyverns
  2 wraiths
  63 yaks
  24 tarantellas
  3 basilisks
  A basilisk (shapeshifter) (D:14)
  3 fire elementals (D:13)
  3 hungry ghosts
  A steam dragon (Lair:2)
  5 wargs (Orc:2)
  12 insubstantial wisps (D:15)
  Duvessa (D:6)
  24 water moccasins
  2 hell hounds (D:13)
  4 porcupines
  26 orc warriors
  5 sky beasts
  4 slaves
  14 ice beasts
  7 phantoms
  6 black bears
  An eye of draining (D:15)
  2 necrophages
  16 centaurs
  15 ogres
  8 wolves
  13 crocodiles
  10 big kobolds
  22 bullfrogs
  A gnoll sergeant (Orc:2)
  4 scorpions
  Dowan (D:6)
  5 wights (D:8)
  6 killer bees (D:13)
  3 spriggan skeletons (Lab)
  5 electric eels
  9 howler monkeys
  4 bullfrog zombies
  10 crimson imps
  8 jellies
  5 centaur skeletons
  14 orc priests
  9 hounds
  6 bullfrog skeletons
  2 iguanas
  4 hell rats (Lair:3)
  26 orc wizards
  8 worker ants
  A hound skeleton (D:7)
  A worker ant zombie (D:9)
  14 gnolls
  A river rat (D:4)
  20 adders
  6 shadow imps
  2 white imps (Lair:2)
  An ooze (D:3)
  A worm (D:2)
  12 ball lightnings (D:15)
  4 dart slugs
  4 leopard geckos
  64 orcs
  6 bats
  5 giant cockroaches
  6 goblins
  6 hobgoblins
  12 jackals
  29 kobolds
  7 quokkas
  A ball python (D:4)
  4 frilled lizards
  A jackal zombie (D:8)
  A leopard gecko skeleton (D:8)
  10 rats
  2 fungi
  3 plants
  3 tentacles (Shoals:3)
1283 creatures vanquished.

Vanquished Creatures (collateral kills)
  An emperor scorpion (Spider:4)
  A ghost moth (Spider:4)
  An orc warlord (Orc:2)
  An entropy weaver (Spider:3)
  A spark wasp (Spider:3)
  An orc high priest (Orc:2)
  A sea snake (Shoals:2)
  2 orb spiders (Spider:4)
  4 wolf spiders (Spider:4)
  A cyclops (Shoals:2)
  A moth of wrath (Spider:4)
  3 demonic crawlers
  4 jumping spiders
  A hornet (Spider:3)
  A polar bear (Lair:6)
  4 merfolk
  4 dream sheep
  5 redbacks
  3 tarantellas
  A warg (Orc:2)
  2 orc warriors
  A jelly (D:14)
  An orc priest (Orc:2)
  2 orc wizards
  2 gnolls (Orc:2)
  An ooze (Lair:6)
  4 orcs (Orc:2)
  8 fungi (Orc:2)
  19 plants
  A tentacle (Shoals:3)
82 creatures vanquished.

Vanquished Creatures (others)
  An elephant (Lair:6)
  A freezing wraith (D:11)
  A blink frog (Lair:6)
  A water moccasin (Lair:1)
  4 ball lightnings (D:15)
  7 bushes (Lair:6)
  A butterfly (Lair:6)
  48 fungi
  53 plants
  2 snaplasher vines
  3 tentacles (Shoals:3)
122 creatures vanquished.

Grand Total: 1487 creatures vanquished

Notes
Turn   | Place    | Note
-------+----------+-------------------------------------------
     0 | D:1      | Gorglomux the Barachi Earth Elementalist began the quest for the Orb.
     0 | D:1      | Reached XP level 1. HP: 13/13 MP: 3/3
   127 | D:1      | Reached XP level 2. HP: 8/19 MP: 2/5
  1013 | D:2      | Reached skill level 3 in Spellcasting
  1013 | D:2      | Reached XP level 3. HP: 24/24 MP: 2/7
  1123 | D:2      | Found a deep blue altar of Sif Muna.
  1494 | D:2      | Learned a level 3 spell: Stone Arrow
  2084 | D:2      | Reached skill level 1 in Conjurations
  2084 | D:2      | Reached XP level 4. HP: 28/30 MP: 6/8
  2553 | D:3      | Found a shadowy altar of Dithmenos.
  3299 | D:3      | Noticed a phantom
  3348 | D:3      | Killed a phantom
  3348 | D:3      | Reached skill level 3 in Conjurations
  3348 | D:3      | Reached XP level 5. HP: 10/35 MP: 0/9
  4339 | D:3      | Reached XP level 6. HP: 31/41 MP: 10/10
  4731 | D:3      | Found a blossoming altar of Fedhas.
  5018 | D:4      | Learned a level 5 spell: Lee's Rapid Deconstruction
  5082 | D:4      | Found a glowing drain.
  5121 | Sewer    | Entered a sewer
  5263 | Sewer    | Reached XP level 7. HP: 46/46 MP: 2/13
  5592 | D:4      | Reached skill level 6 in Earth Magic
  5645 | D:4      | Noticed zhorgal's ghost (amateur MiFi)
  6131 | D:5      | Entered Level 5 of the Dungeon
  6423 | D:5      | Found a shimmering altar of Xom.
  6423 | D:5      | Noticed an angel
  6425 | D:5      | Found a glowing silver altar of Zin.
  6543 | D:5      | Reached XP level 8. HP: 52/52 MP: 1/16
  7027 | D:5      | Reached skill level 6 in Spellcasting
  7069 | D:5      | Found a basalt altar of Yredelemnul.
  7280 | D:5      | Found a white marble altar of Elyvilon.
  7637 | D:6      | Found a staircase to the Ecumenical Temple.
  7694 | Temple   | Entered the Ecumenical Temple
  7848 | Temple   | Became a worshipper of Cheibriados the Contemplative
  8132 | D:6      | Reached skill level 9 in Earth Magic
  8135 | D:6      | Reached XP level 9. HP: 43/57 MP: 1/18
  8226 | D:6      | Found a bloodstained altar of Trog.
  8369 | D:6      | Noticed Duvessa
  8370 | D:6      | Noticed Dowan
  8371 | D:6      | Killed Dowan
  8693 | D:6      | Killed Duvessa
  9018 | D:6      | Found a radiant altar of Vehumet.
  9105 | D:7      | Reached * piety under Cheibriados
  9105 | D:7      | Reached skill level 1 in Armour
  9481 | D:7      | Reached skill level 3 in Armour
 10099 | D:8      | Noticed Pikel
 10275 | D:8      | Reached ** piety under Cheibriados
 10631 | D:8      | Noticed Joseph
 10640 | D:8      | Killed Joseph
 10640 | D:8      | Reached skill level 6 in Armour
 10640 | D:8      | Reached XP level 10. HP: 20/63 MP: 3/19
 11014 | D:8      | Killed Pikel
 11014 | D:8      | Reached skill level 1 in Fighting
 11014 | D:8      | Reached skill level 3 in Dodging
 11029 | D:8      | Reached skill level 2 in Fighting
 11132 | D:8      | Found a hide-covered altar of Uskayaw.
 11338 | D:8      | Noticed Gastronok
 11551 | D:9      | Reached skill level 3 in Fighting
 11708 | D:9      | Reached *** piety under Cheibriados
 11734 | D:9      | Got a vibrating jade amulet
 11777 | D:9      | Found a sacrificial altar of Ru.
 11956 | D:9      | Noticed a two-headed ogre
 12035 | D:9      | Reached skill level 4 in Fighting
 12067 | D:9      | Killed a two-headed ogre
 12075 | D:9      | Noticed a two-headed ogre
 12212 | D:9      | Reached skill level 5 in Fighting
 12459 | D:9      | Killed a two-headed ogre
 12459 | D:9      | Reached XP level 11. HP: 80/80 MP: 11/22
 12882 | D:8      | Reached skill level 6 in Fighting
 12907 | D:8      | Reached **** piety under Cheibriados
 12910 | D:8      | Reached skill level 6 in Dodging
 13010 | D:8      | Noticed a three-headed hydra
 13019 | D:8      | Killed a three-headed hydra
 13222 | D:8      | Identified the amulet "Lipi" {Harm *Drain rElec MR++ Dex+4 Stlth+} (You found it on level 9 of the Dungeon)
 13492 | D:9      | Noticed a two-headed ogre
 13497 | D:9      | Killed a two-headed ogre
 13497 | D:9      | Reached skill level 7 in Fighting
 13705 | D:10     | Entered Level 10 of the Dungeon
 13736 | D:10     | Found a staircase to the Orcish Mines.
 13743 | D:10     | Noticed a two-headed ogre
 13749 | D:10     | Killed a two-headed ogre
 13749 | D:10     | Reached skill level 9 in Spellcasting
 13894 | D:10     | Found a roughly hewn altar of Beogh.
 13935 | D:10     | Found a staircase to the Lair.
 14133 | D:10     | Reached ***** piety under Cheibriados
 14875 | D:10     | Reached skill level 8 in Fighting
 15226 | D:11     | Noticed a brown ugly thing
 15231 | D:11     | Killed a brown ugly thing
 15346 | D:11     | Noticed a death knight
 15377 | D:11     | Noticed a manticore
 15386 | D:11     | Killed a death knight
 15386 | D:11     | Reached XP level 12. HP: 94/94 MP: 9/25
 15400 | D:11     | Reached skill level 9 in Fighting
 15973 | D:11     | Reached skill level 9 in Dodging
 16400 | D:11     | Noticed a two-headed ogre
 16401 | D:11     | Killed a two-headed ogre
 16401 | D:11     | Reached skill level 10 in Fighting
 16483 | Lair:1   | Entered Level 1 of the Lair of Beasts
 16571 | Lair:1   | Reached skill level 1 in Invocations
 16576 | Lair:1   | Reached ****** piety under Cheibriados
 17048 | Lair:1   | Noticed Bronet's ghost (journeyman DEHu)
 17055 | Lair:1   | Killed Bronet's ghost
 17522 | Lair:1   | Noticed a four-headed hydra
 17522 | Lair:1   | Killed a four-headed hydra
 17600 | Lair:2   | Reached skill level 11 in Fighting
 17600 | Lair:2   | Reached skill level 3 in Invocations
 17600 | Lair:2   | Gained mutation: You can hop longer distances. [Barachi growth]
 17600 | Lair:2   | Reached XP level 13. HP: 106/106 MP: 5/27
 17748 | Lair:2   | Noticed an ice dragon
 17752 | Lair:2   | Killed an ice dragon
 19361 | Lair:3   | Found a staircase to the Shoals.
 19368 | Lair:3   | Got a heavily runed ring mail
 19379 | Lair:3   | Identified the +0 ring mail of Daorchef {rF+} (You found it on level 3 of the Lair of Beasts)
 19711 | Lair:3   | Found a hole to the Spider Nest.
 19932 | Lair:3   | Reached skill level 12 in Fighting
 21644 | Lair:4   | Got a pitted scale mail
 21655 | Lair:4   | Identified the +1 scale mail of Soduroas {rCorr Int+4 Dex-2} (You found it on level 4 of the Lair of Beasts)
 21785 | Lair:5   | Found a labyrinth entrance.
 21795 | Lab      | Entered a labyrinth
 23513 | Lab      | Noticed a minotaur
 23525 | Lab      | Killed a minotaur
 25375 | Lab      | Got a scorched shield
 25375 | Lab      | Got a brightly glowing glass ring
 25404 | Lab      | Identified the +3 shield "Xumeghe" {MR+ Dex+2} (You found it in a labyrinth)
 25409 | Lab      | Identified the ring of the Cast Vote {rPois rN+ Str-5 SInv} (You found it in a labyrinth)
 25497 | Lair:5   | Reached skill level 6 in Invocations
 25686 | Lair:5   | You fall through a shaft!
 25686 | Lair:6   | Entered Level 6 of the Lair of Beasts
 25728 | Lair:6   | Reached XP level 14. HP: 40/116 MP: 9/29
 26133 | Lair:6   | Noticed Snorg
 26137 | Lair:6   | Killed Snorg
 26228 | Lair:6   | Reached skill level 1 in Evocations
 26322 | Lair:6   | Reached skill level 13 in Fighting
 26595 | Lair:6   | Noticed a dire elephant
 26605 | Lair:6   | Killed a dire elephant
 26605 | Lair:6   | Reached skill level 12 in Spellcasting
 26606 | Lair:6   | Reached skill level 3 in Evocations
 27335 | Lair:6   | Found a staircase to the Slime Pits.
 27356 | Lair:6   | HP: 5/118 [spiny frog (16)]
 27511 | Lair:6   | Reached skill level 9 in Armour
 27714 | Lair:6   | Reached skill level 1 in Bows
 27714 | Lair:6   | Reached XP level 15. HP: 103/125 MP: 17/31
 28806 | Lair:5   | Reached skill level 14 in Fighting
 28854 | Lair:5   | Noticed Rupert
 28858 | Lair:5   | Killed Rupert
 28858 | Lair:5   | Reached skill level 3 in Bows
 29560 | Lair:6   | Reached skill level 6 in Evocations
 30075 | D:12     | Found Kadupput's General Store.
 30084 | D:12     | Bought a potion of curing for 42 gold pieces
 30084 | D:12     | Bought a scroll of identify for 28 gold pieces
 30084 | D:12     | Bought a wand of acid (7/15) for 308 gold pieces
 30307 | D:12     | Noticed Yhamm's ghost (journeyman MiFi)
 30319 | D:12     | Killed Yhamm's ghost
 30890 | D:12     | Identified a scroll of acquirement
 30891 | D:12     | Identified the Collected Works on Quantum Good Luck (You acquired it on level 12 of the Dungeon)
 30898 | D:12     | Learned a level 5 spell: Iskenderun's Battlesphere
 30904 | D:12     | Learned a level 5 spell: Summon Forest
 31162 | D:13     | Noticed Sonja
 31164 | D:13     | Killed Sonja
 31170 | D:13     | Got a twisted arbalest
 31171 | D:13     | Identified the +10 arbalest of Ixkucug {velocity, rC- Str+4 SInv} (You found it on level 13 of the Dungeon)
 31212 | D:13     | Reached skill level 1 in Summonings
 31245 | D:13     | Noticed Azrael
 31251 | D:13     | Killed Azrael
 31251 | D:13     | Reached skill level 1 in Charms
 31251 | D:13     | Reached skill level 1 in Translocations
 31869 | D:13     | Reached skill level 9 in Invocations
 31869 | D:13     | Reached XP level 16. HP: 111/134 MP: 4/32
 32350 | D:13     | Reached skill level 3 in Summonings
 32597 | D:14     | Found an iron altar of Okawaru.
 32638 | D:14     | Found a gate to the Vaults.
 32641 | D:14     | Reached skill level 3 in Translocations
 32667 | D:14     | Reached skill level 3 in Charms
 33427 | D:14     | Noticed a tengu reaver
 33429 | D:14     | Noticed a tengu reaver
 33431 | D:14     | Killed a tengu reaver
 33431 | D:14     | Reached skill level 15 in Fighting
 33435 | D:14     | Killed a tengu reaver
 33435 | D:14     | Reached skill level 6 in Conjurations
 33752 | D:14     | Identified Yrask's Incunabulum of the Creative Volcanoes
 34104 | D:15     | Entered Level 15 of the Dungeon
 34528 | D:15     | Reached skill level 6 in Summonings
 34869 | D:15     | Found a staircase to the Depths.
 35223 | D:15     | Reached skill level 6 in Translocations
 35467 | D:15     | Reached XP level 17. HP: 115/142 MP: 16/33
 35774 | D:15     | Identified the Disquisition on the Vitriolic Birds
 35783 | D:15     | Learned a level 6 spell: Deflect Missiles
 35791 | D:15     | Learned a level 1 spell: Apportation
 36366 | Orc:1    | Entered Level 1 of the Orcish Mines
 36366 | Orc:1    | Found Anew's Food Boutique.
 36366 | Orc:1    | Found Siag Kic's Armour Boutique.
 36598 | Orc:1    | Found Xiaqeosi's Armour Shop.
 36870 | Orc:1    | Found Puoc's Assorted Antiques.
 36876 | Orc:1    | Found Ozuklot's Gadget Shop.
 37016 | Orc:2    | Entered Level 2 of the Orcish Mines
 37016 | Orc:2    | Found a staircase to the Elven Halls.
 37134 | Orc:2    | Found Naeluoqu's Gadget Boutique.
 37567 | Orc:2    | Found Lowkuty's General Store.
 37658 | Orc:2    | Found Zumm's Antique Armour Boutique.
 37713 | Orc:2    | Reached skill level 16 in Fighting
 38567 | Orc:2    | Found Xuvug's Antique Weapon Emporium.
 38630 | Orc:2    | Found Wiodugun's Book Emporium.
 39189 | Orc:2    | Bought a pair of steaming gloves for 380 gold pieces
 39199 | Orc:2    | Identified the +2 pair of gloves of Negation {+Fly Str+2} (You bought it in a shop on level 2 of the Orcish Mines)
 39416 | Spider:1 | Entered Level 1 of the Spider Nest
 39431 | Lair:3   | Reached skill level 9 in Summonings
 40081 | Spider:1 | Got a slimy scimitar
 40082 | Spider:1 | Identified the +6 scimitar of the Hundredfold Lives {protect, -Tele rPois rC+++ Dex+2} (You found it on level 1 of the Spider Nest)
 40552 | Spider:1 | Got a glittering marble ring
 41096 | Spider:2 | Identified the ring of Dawn {+Blink rPois rN+ Dex-5} (You found it on level 1 of the Spider Nest)
 41155 | Spider:2 | Reached skill level 9 in Translocations
 43304 | Spider:3 | Reached XP level 18. HP: 128/151 MP: 10/34
 43825 | Spider:4 | Entered Level 4 of the Spider Nest
 44827 | Spider:4 | Noticed Bai Suzhen
 44831 | Spider:4 | Reached skill level 6 in Charms
 45376 | Spider:4 | Killed Bai Suzhen
 45809 | Spider:4 | Reached skill level 9 in Conjurations
 46949 | Spider:4 | Got a gossamer rune of Zot
 47477 | Shoals:1 | Entered Level 1 of the Shoals
 48689 | Shoals:1 | Reached skill level 12 in Summonings
 48744 | Shoals:1 | Identified the +5 shortbow of Uberiur {flame, rN+ MR+ Stlth+} (You acquired it on level 1 of the Shoals)
 48923 | Shoals:2 | Noticed Frances
 48934 | Shoals:2 | Killed Frances
 48998 | Shoals:1 | Reached XP level 19. HP: 78/157 MP: 9/35
 49287 | Shoals:2 | Noticed Aizul
 49302 | Shoals:2 | Killed Aizul
 51279 | Shoals:3 | Reached skill level 12 in Translocations
 53024 | Shoals:4 | Entered Level 4 of the Shoals
 53970 | Shoals:4 | Annihilated by an alligator snapping turtle

Skill      XL: |  1  2  3  4  5  6  7  8  9 10 11 12 13 14 15 16 17 18 19 |
---------------+----------------------------------------------------------+-----
Spellcasting   | 3 4 5 6 7 9 10 11 12 13 | 13.6
Conjurations   | 1 3 4 6 10 | 10.0
Earth Magic    | 4 5 6 9 11 | 11.4
Armour         | 6 9 10 11 | 11.6
Fighting       | 5 8 11 12 13 14 15 16 | 16.0
Dodging        | 5 8 10 11 | 11.9
Invocations    | 3 6 7 9 10 | 10.4
Evocations     | 4 6 |  6.5
Bows           | 1 4 |  4.1
Summonings     | 2 6 11 12 13 | 13.8
Charms         | 2 3 8 |  8.8
Translocations | 2 6 10 11 12 | 12.4
Stealth        | |  1.7
Transmutations | |  1.1

Action                   |  1- 3 |  4- 6 |  7- 9 | 10-12 | 13-15 | 16-18 | 19-21 || total
-------------------------+-------+-------+-------+-------+-------+-------+-------++-------
Melee: Unarmed           |    11 |    20 |       |       |   105 |       |       ||   136
       Dagger            |   109 |   136 |       |       |       |       |       ||   245
       Spear             |       |    82 |    23 |       |       |       |       ||   105
       Shortbow          |       |       |       |     1 |     1 |     2 |       ||     4
       Scimitar          |       |       |       |       |       |    68 |       ||    68
       Staff             |       |       |       |       |       |     3 |       ||     3
 Fire: Shortbow          |       |       |   299 |   425 |   739 |  1207 |   462 ||  3132
       Arbalest          |       |       |       |       |       |     2 |       ||     2
 Cast: Sandblast         |    41 |    43 |    10 |    41 |    30 |    30 |    53 ||   248
       Stone Arrow       |       |    21 |   120 |   144 |   310 |   358 |   108 ||  1061
       Lee's Rapid Decon |       |       |     7 |    40 |   118 |   103 |    22 ||   290
       Summon Forest     |       |       |       |       |       |    29 |     8 ||    37
       Iskenderun's Batt |       |       |       |       |       |    15 |    25 ||    40
       Apportation       |       |       |       |       |       |     2 |       ||     2
Invok: Slouch            |       |       |       |       |     9 |     4 |     3 ||    16
       Temporal Distorti |       |       |       |       |       |     3 |     1 ||     4
       Step From Time    |       |       |       |       |       |       |     1 ||     1
 Abil: Hop               |     5 |     3 |     8 |    13 |    18 |    26 |     9 ||    82
Evoke: Wand              |       |       |       |     3 |    16 |    34 |     3 ||    56
       Lamp of fire      |       |       |       |       |     3 |     3 |       ||     6
  Use: Scroll            |     2 |     7 |     8 |     8 |    23 |    13 |     4 ||    65
       Potion            |       |     3 |     1 |       |     2 |     3 |       ||     9
 Stab: Sleeping          |     2 |     1 |       |       |       |       |       ||     3
       Distracted        |       |     1 |       |       |       |       |       ||     1
  Eat: Chunk             |     5 |    13 |    22 |    16 |    17 |    26 |     8 ||   107
       Meat ration       |       |       |       |       |     2 |       |       ||     2
       Fruit             |       |       |       |       |       |     3 |       ||     3
Armor: Robe              |    56 |    50 |    50 |       |       |       |       ||   156
       Skin              |       |     2 |       |       |       |       |       ||     2
       Ring mail         |       |       |    29 |    77 |       |       |       ||   106
       Troll leather arm |       |       |       |    31 |    31 |       |       ||    62
       Plate armour      |       |       |       |       |   323 |   740 |       ||  1063
       Storm dragon scal |       |       |       |       |       |     8 |   167 ||   175
Dodge: Dodged            |   112 |   161 |   144 |   245 |   757 |  1173 |   362 ||  2954
       Rpst.: Scimitar   |       |       |       |       |       |    32 |       ||    32
